 Dungeon Crawl Stone Soup version 0.26-a0-639-g72c4674329 (webtiles) character file.

Game seed: 6969251432497548422

15364 PentaManta the Protected (level 12, -7/98 HPs)
             Began as a Barachi Hunter on Sept 19, 2020.
             Was the Champion of Okawaru.
             Mangled by an orc warrior
             ... wielding a +0 war axe
              (25 damage)
             ... on level 11 of the Dungeon.
             The game lasted 00:54:17 (15003 turns).

PentaManta the Protected (Barachi Hunter)          Turns: 15003, Time: 00:54:17

Health: -7/98      AC: 19    Str: 18    XL:     12   Next: 26%
Magic:  13/13      EV: 16    Int: 16    God:    Okawaru [******]
Gold:   380        SH:  0    Dex: 12    Spells: 13/13 levels left

rFire    . . .     SeeInvis +   a - +2 hand crossbow
rCold    . . .     Faith    +   (no shield)
rNeg     . . .     Spirit   .   R - +2 chain mail of Onniryh {rElec MR+}
rPois    .         Reflect  .   L - +0 helmet {Int+3}
rElec    +         Harm     .   u - +0 cloak
rCorr    .         Rampage  .   (no gloves)
MR       +....                  m - +1 pair of boots
Stlth    ..........             y - amulet of faith
HPRegen  0.26/turn              C - +4 ring of evasion
MPRegen  0.13/turn              F - ring of see invisible

@: slow
A: +LOS, swims, slowness 1, strong legs 1
a: Hop, Heroism, Finesse, Renounce Religion


You were on level 11 of the Dungeon.
You worshipped Okawaru.
Okawaru was exalted by your worship.
You visited 2 branches of the dungeon, and saw 12 of its levels.

You collected 685 gold pieces.
You spent 305 gold pieces at shops.

Inventory:

Hand Weapons
 a - a +2 hand crossbow (weapon)
 l - a +0 hunting sling
 s - a +1 dagger of protection
Missiles
 d - 173 bolts (quivered)
 i - 6 silver boomerangs
 j - 359 stones
 n - 11 atropa-tipped darts
 v - 156 sling bullets
 M - 2 throwing nets
 N - 38 poisoned darts
 T - 9 boomerangs
Armour
 m - a +1 pair of boots (worn)
 u - a +0 cloak (worn)
 x - a +0 plate armour
 L - a +0 helmet of intelligence (worn)
 Q - a +1 scale mail of fire resistance
 R - the +2 chain mail of Onniryh (worn) {rElec MR+}
   (You bought it in a shop on level 9 of the Dungeon)

   It insulates you from electricity.
   It affects your resistance to hostile enchantments.
Jewellery
 g - a +6 ring of dexterity
 y - an amulet of faith (around neck)
 C - a +4 ring of evasion (left hand)
 F - a ring of see invisible (right hand)
 J - an uncursed ring of positive energy
 K - a +4 ring of evasion
Wands
 c - a wand of random effects (71)
 o - a wand of iceblast (23)
 B - a wand of digging (15)
 E - a wand of polymorph (12)
 H - a wand of disintegration (13)
Scrolls
 b - a scroll of enchant armour
 e - 3 scrolls of enchant weapon
 f - 5 scrolls of identify
 p - 6 scrolls of remove curse
 q - 3 scrolls of teleportation
 t - 5 scrolls of amnesia
 w - 4 scrolls of fear
 D - a scroll of magic mapping
Potions
 h - a potion of berserk rage
 k - 2 potions of mutation
 r - a potion of curing
 z - 3 potions of flight
 A - 2 potions of degeneration
 G - 2 potions of magic
 I - 2 potions of haste
 O - 2 potions of stabbing
 P - a potion of heal wounds
 S - a potion of brilliance {unknown}


   Skills:
 - Level 10.4 Fighting
 - Level 4.0 Slings
 * Level 10.7 Crossbows
 + Level 11.6 Armour
 + Level 11.0 Dodging
 - Level 0.8 Stealth
 + Level 1.2 Spellcasting


You had 13 spell levels left.
You didn't know any spells.
Your spell library contained the following spells:

 Spells                   Type           Power        Failure   Level
 Animate Skeleton         Necr           #.....       87%         1
 Magic Dart               Conj           #...         87%         1
 Pain                     Necr           #...         87%         1
 Sandblast                Erth           #.....       87%         1
 Summon Small Mammal      Summ           #...         87%         1
 Blink                    Tloc           N/A          95%         2
 Call Imp                 Summ           #.......     95%         2
 Passwall                 Tmut/Erth      #.......     95%         2
 Searing Ray              Conj           #.....       95%         2
 Slow                     Hex            #.......     95%         2
 Call Canine Familiar     Summ           #.......     99%         3
 Confusing Touch          Hex            #.......     99%         3
 Conjure Flame            Conj/Fire      #.......     99%         3
 Dazzling Flash           Conj/Hex       #.....       99%         3
 Gell's Gravitas          Tloc           #.........   99%         3
 Mephitic Cloud           Conj/Pois/Air  #.......     99%         3
 Stone Arrow              Conj/Erth      #.....       99%         3
 Summon Guardian Golem    Hex/Summ       #.......     99%         3
 Vampiric Draining        Necr           #.........   99%         3
 Animate Dead             Necr           #.........   100%        4
 Fulminant Prism          Conj/Hex       #.........   100%        4
 Iskenderun's Mystic Bla  Conj/Tloc      #.......     100%        4
 Petrify                  Tmut/Erth      #.......     100%        4
 Summon Ice Beast         Ice/Summ       #.......     100%        4
 Summon Lightning Spire   Summ/Air       #.......     100%        4
 Agony                    Necr           #.......     100%        5
 Bolt of Magma            Conj/Fire/Erth #.........   100%        5
 Iskenderun's Battlesphe  Conj           #.......     100%        5
 Lee's Rapid Deconstruct  Erth           #.........   100%        5
 Metabolic Englaciation   Hex/Ice        #.........   100%        5
 Yara's Violent Unravell  Hex/Tmut       #.........   100%        5
 Iron Shot                Conj/Erth      #.........   100%        6
 Orb of Destruction       Conj           #.........   100%        7
 Spellforged Servitor     Conj/Summ      #.........   100%        7


Dungeon Overview and Level Annotations

Branches:
Dungeon (11/15)            Temple (1/1) D:5            Lair (0/6) D:9
    Orc: D:9-12

Altars:
Ashenzari
Cheibriados
Dithmenos
Elyvilon
Fedhas
Gozag
Hepliaklqana
Kikubaaqudgha
Makhleb
Nemelex Xobeh
Okawaru
Qazlal
Ru
Sif Muna
Trog
Uskayaw
Vehumet
Wu Jian
Xom
Yredelemnul
Zin
The Shining One

Shops:
D:5 ?   D:6 [   D:9 *[[


Innate Abilities, Weirdness & Mutations

You can be seen from farther away. (+LOS)
You can swim through water.
You cover ground slowly.
You can hop short distances.


Message History

The orc wizard hits you but does no damage.
The orc warrior barely misses you.
The orc wizard hits you with a +0 dagger.
* * * LOW HITPOINT WARNING * * *
Firing (i - inventory. (/) - cycle)
d - 175 bolts (quivered)
Press: ? - help, Shift-Dir - straight line, f/p - orc warrior
Aim: an orc warrior, wielding a +0 war axe and wearing a cursed +0 chain mail (almost dead, strong)
You shoot a bolt. The bolt hits the orc warrior.
The orc warrior is almost dead.
The orc wizard looks braver for a moment.
The orc warrior hits you with a +0 war axe!
* * * LOW HITPOINT WARNING * * *
Firing (i - inventory. (/) - cycle)
d - 174 bolts (quivered)
Press: ? - help, Shift-Dir - straight line, f/p - orc warrior
Aim: an orc warrior, wielding a +0 war axe and wearing a cursed +0 chain mail (almost dead, strong)
You shoot a bolt.
The bolt closely misses the orc warrior.
The orc wizard misses you.
The orc warrior hits you with a +0 war axe!!
You die...

........#..# .#
##.#######.# ###'##
##.##..##########.....#
................#.....#
................#.....#
#..###..######'##.....#
##'###### #....#
........# +....#
........# #..o@#
........# #..)o#
######### #...(# ###.(.
#.(.. #.(.. #.(..
...... ..(...


You could see an orc warrior (strong) and an orc wizard (fast).

Vanquished Creatures
  Gastronok (D:8)
  Harold (D:9)
  A two-headed ogre (D:9)
  An unseen horror (D:10)
  Pikel (D:9)
  Maurice (D:8)
  A gargoyle (D:11)
  4 trolls
  Grinder (D:6)
  A hornet (D:11)
  3 hippogriffs
  A wraith (D:11)
  17 yaks
  2 wyverns
  A soldier ant (D:10)
  2 water moccasins
  5 porcupines (D:9)
  3 black bears
  6 orc warriors
  5 sky beasts
  An ice beast (D:8)
  2 necrophages
  4 phantoms
  3 centaurs
  6 ogres
  A crocodile (D:9)
  2 lemures (D:9)
  7 bullfrogs
  2 big kobolds
  5 scorpions
  A wyvern skeleton (D:10)
  6 killer bees
  2 electric eels (D:9)
  5 wights (D:10)
  A bullfrog zombie (D:9)
  A quasit (D:9)
  6 orc priests
  2 jellies
  3 centaur skeletons
  Jessica (D:2)
  2 iguanas (D:9)
  10 orc wizards
  9 worker ants
  A hound zombie (D:10)
  A hound skeleton (D:4)
  A worker ant zombie (D:9)
  7 adders
  8 gnolls
  A howler monkey skeleton (D:8)
  7 white imps
  An ufetubus (D:5)
  An ooze (D:1)
  An adder zombie (D:5)
  2 adder skeletons
  3 worms
  3 dart slugs
  7 leopard geckos
  43 orcs
  6 bats
  7 giant cockroaches
  13 goblins
  7 hobgoblins
  11 jackals
  6 quokkas
  A ball python (D:2)
  3 frilled lizards
  12 kobolds
  A leopard gecko skeleton (D:7)
  6 rats
300 creatures vanquished.

Vanquished Creatures (others)
  40 fungi (D:9)
  52 plants (D:9)
92 creatures vanquished.

Grand Total: 392 creatures vanquished

Notes
Turn   | Place    | Note
-------+----------+-------------------------------------------
     0 | D:1      | PentaManta the Barachi Hunter began the quest for the Orb.
     0 | D:1      | Reached XP level 1. HP: 17/17 MP: 1/1
   232 | D:1      | Reached skill level 1 in Armour
   232 | D:1      | Reached XP level 2. HP: 13/23 MP: 2/2
   847 | D:1      | Reached XP level 3. HP: 25/28 MP: 3/3
  1338 | D:2      | Noticed Jessica
  1344 | D:2      | Killed Jessica
  1344 | D:2      | Reached XP level 4. HP: 14/34 MP: 4/4
  2741 | D:3      | Reached XP level 5. HP: 24/39 MP: 5/5
  3458 | D:3      | Reached skill level 5 in Crossbows
  3759 | D:4      | Noticed a phantom
  3780 | D:4      | Killed a phantom
  3780 | D:4      | Reached XP level 6. HP: 42/46 MP: 6/6
  4224 | D:4      | Noticed a hippogriff
  4236 | D:4      | Killed a hippogriff
  4236 | D:4      | Reached XP level 7. HP: 39/51 MP: 7/7
  4476 | D:4      | Reached skill level 5 in Dodging
  4712 | D:5      | Entered Level 5 of the Dungeon
  4759 | D:5      | Found a staircase to the Ecumenical Temple.
  4774 | Temple   | Entered the Ecumenical Temple
  5039 | Temple   | Became a worshipper of Warmaster Okawaru
  5235 | D:5      | Reached skill level 5 in Armour
  5579 | D:5      | Found Depn's Magic Scroll Shoppe.
  5594 | D:5      | Bought a scroll of teleportation for 36 gold pieces
  5984 | D:6      | Found Lien Giod's Armour Emporium.
  6374 | D:5      | Reached XP level 8. HP: 57/57 MP: 8/8
  6532 | D:6      | Found a runed translucent door.
  6533 | D:6      | Found a runed translucent door.
  6812 | D:6      | Noticed Grinder
  6819 | D:6      | Killed Grinder
  6819 | D:6      | Reached * piety under Okawaru
  6938 | D:6      | Found a shimmering blue altar of Sif Muna.
  7712 | D:7      | Reached ** piety under Okawaru
  7835 | D:7      | Reached XP level 9. HP: 62/62 MP: 9/9
  8069 | D:7      | Found an iron altar of Okawaru.
  8483 | D:7      | Reached skill level 1 in Slings
  8808 | D:8      | Noticed Gastronok
  8844 | D:8      | Killed Gastronok
  8844 | D:8      | Reached *** piety under Okawaru
  8844 | D:8      | Reached skill level 10 in Crossbows
  8844 | D:8      | Reached XP level 10. HP: 33/68 MP: 10/10
  9459 | D:8      | Noticed Maurice
  9470 | D:8      | Killed Maurice
  9470 | D:8      | Received a gift from Okawaru
  9699 | D:9      | Received a gift from Okawaru
  9699 | D:9      | Reached skill level 5 in Fighting
  9922 | D:9      | Reached **** piety under Okawaru
 10082 | D:9      | Received a gift from Okawaru
 10199 | D:9      | Reached XP level 11. HP: 83/83 MP: 11/11
 10205 | D:9      | Received a gift from Okawaru
 10218 | D:9      | Reached skill level 10 in Armour
 10390 | D:9      | Found Leyl's Antique Armour Shop.
 10412 | D:9      | Found a staircase to the Lair.
 10594 | D:9      | Noticed Pikel
 10613 | D:9      | Killed Pikel
 10613 | D:9      | Reached ***** piety under Okawaru
 10737 | D:9      | Received a gift from Okawaru
 10749 | D:9      | Noticed a two-headed ogre
 10757 | D:9      | Killed a two-headed ogre
 10757 | D:9      | Reached skill level 10 in Dodging
 10944 | D:9      | Noticed Harold
 10971 | D:9      | Killed Harold
 10971 | D:9      | Received a gift from Okawaru
 11137 | D:9      | Found Tausoil's General Store.
 11140 | D:9      | Bought a potion of heal wounds for 60 gold pieces
 11190 | D:9      | Received a gift from Okawaru
 11586 | D:9      | Found Koridung's Antique Armour Shoppe.
 11721 | D:9      | Received a gift from Okawaru
 12035 | D:9      | Bought a pearl-encrusted chain mail for 209 gold pieces
 12045 | D:9      | Identified the +2 chain mail of Onniryh {rElec MR+} (You
                  | bought it in a shop on level 9 of the Dungeon)
 12472 | D:6      | Reached skill level 10 in Fighting
 12605 | D:10     | Entered Level 10 of the Dungeon
 13364 | D:10     | Received a gift from Okawaru
 13425 | D:10     | Noticed an unseen horror
 13431 | D:10     | Killed an unseen horror
 13431 | D:10     | Reached XP level 12. HP: 98/98 MP: 12/12
 14125 | D:11     | Reached ****** piety under Okawaru
 14618 | D:11     | Received a gift from Okawaru
 14618 | D:11     | Reached skill level 1 in Spellcasting
 14691 | D:11     | Found a blossoming altar of Fedhas.
 15003 | D:11     | Mangled by an orc warrior

Illustrated notes

Levels and vault maps discovered:
D:1:      scummos_arrival_simple_crosswalls, layout_loops_ring,
          minmay_box_of_dots
D:2:      layout_basic, uniq_jessica
D:3:      layout_loops_ring, kennysheep_generic_room_6
D:4:      layout_basic
D:5:      layout_gridville, minmay_temple_entry_statues_pillars, serial_shops,
          shop_scrolls
D:6:      lemuel_insect_pit, layout_basic, old_standard_altar, serial_shops,
          shop, uniq_grinder
D:7:      mumra_celtic_spiral_tile, layout_basic, kennysheep_okawaru_gauntlet
D:8:      layout_basic, uniq_gastronok, uniq_maurice
D:9:      wad_river_or_something, layout_basic, due_lair_maze_entry_diamond,
          serial_shops, shop, shop, nicolae_shop_behind_doors, uniq_harold,
          uniq_pikel
D:10:     layout_loops_corners
D:11:     layout_gridville, fedhas_altar_1
Temple:   compressed_dpeg_triangle_lava_temple

Skill      XL: |  1  2  3  4  5  6  7  8  9 10 11 12 |
---------------+-------------------------------------+-----
Armour         | 1 2 3 4 5 7 8 9 11 | 11.6
Dodging        | 3 4 5 6 8 9 10 11 | 11.0
Crossbows      | 5 6 8 10 | 10.7
Slings         | 3 4 |  4.0
Fighting       | 6 10 | 10.4
Spellcasting   | 1 |  1.2
Stealth        | |  0.8

Action                   |  1- 3 |  4- 6 |  7- 9 | 10-12 || total
-------------------------+-------+-------+-------+-------++-------
Melee: Short sword       |    99 |       |       |       ||    99
       Dagger            |       |   198 |   326 |       ||   524
       Hand crossbow     |       |       |       |     1 ||     1
 Fire: Hand crossbow     |     6 |    35 |   193 |   739 ||   973
       Hunting sling     |       |    79 |    63 |    26 ||   168
Throw: Stone             |     3 |       |     1 |       ||     4
Invok: Heroism           |       |       |     1 |     3 ||     4
 Abil: Hop               |     1 |       |     3 |     4 ||     8
Evoke: Wand              |       |       |       |     2 ||     2
  Use: Scroll            |       |       |    16 |     4 ||    20
       Potion            |       |       |     1 |     3 ||     4
Armor: Leather armour    |    17 |       |       |       ||    17
       Chain mail        |    15 |   181 |   360 |   152 ||   708
Dodge: Dodged            |    55 |    87 |   318 |   366 ||   826

Table legend: (Time is in decaauts)
 A = Elapsed time spent in this place.
 B = Non-inter-level travel time spent in this place.
 C = Inter-level travel time spent in this place.
 D = Time resting spent in this place.
 E = Time spent auto-exploring this place.
 F = Levels seen in this place.
 G = Mean time per level.
                   A        B        C        D        E       F      G
               +--------+--------+--------+--------+--------+-----+--------+
         Total |  16670 |  16058 |    612 |    793 |  11178 |  12 | 1389.2 |
       Dungeon |  16336 |  15739 |    597 |    793 |  10865 |  11 | 1485.1 |
        Temple |    334 |    320 |     14 |      0 |    313 |   1 |  334.0 |
               +--------+--------+--------+--------+--------+-----+--------+

Top non-repeatable levels by time:
     D:9: 2889 daAuts
     D:7: 1625 daAuts
    D:10: 1509 daAuts
     D:5: 1495 daAuts
     D:1: 1432 daAuts
     D:2: 1388 daAuts
     D:3: 1251 daAuts
     D:6: 1219 daAuts
     D:4: 1186 daAuts
     D:8: 1172 daAuts
    D:11: 1166 daAuts
  Temple: 334 daAuts
